 Dungeon Crawl Stone Soup version 0.24.0-123-gd5b16e6ec5 (webtiles) character file.

Game seed: 10585840342282039521, levelgen mode: deterministic

167 Norian the Conjurer (level 5, -1/38 HPs)
             Began as a Draconian Conjurer on Dec 22, 2019.
             Slain by an orc wizard
             ... wielding a +0 dagger
              (2 damage)
             ... on level 3 of the Dungeon.
             The game lasted 00:06:02 (2237 turns).

Norian the Conjurer (Draconian Conjurer)            Turns: 2237, Time: 00:06:02

Health: -1/38      AC:  5    Str: 15    XL:     5   Next: 23%
Magic:  1/10       EV: 12    Int: 17    God:
Gold:   86         SH:  0    Dex: 11    Spells: 2/11 levels left

rFire    . . .     SeeInvis .   o - +0 halberd
rCold    . . .     Gourm    .   (shield currently unavailable)
rNeg     . . .     Faith    .   (armour unavailable)
rPois    .         Spirit   .   (helmet restricted)
rElec    .         Reflect  .   (no cloak)
rCorr    .         Harm     .   (no gloves)
MR       .....                  (no boots)
Stlth    +.........             (no amulet)
HPRegen  0.12/turn              (no ring)
MPRegen  0.12/turn              (no ring)

@: mighty, hasted and slowed, glowing
A: unfitting armour, cold-blooded, AC +5
a: no special abilities


You were on level 3 of the Dungeon.
You were not hungry.

You visited 1 branch of the dungeon, and saw 3 of its levels.

You collected 86 gold pieces.

Inventory:

Hand Weapons
 o - a +0 halberd (weapon)
Jewellery
 i - an uncursed ring of positive energy {unknown}
Wands
 k - a wand of enslavement (7)
Scrolls
 a - a scroll of amnesia {unknown}
 f - a scroll of teleportation {unknown}
 g - a scroll of noise {unknown}
 h - 2 scrolls of blinking {unknown}
 j - a scroll of remove curse {unknown}
 l - 2 scrolls of identify {unknown}
 n - a scroll of enchant weapon {unknown}
Potions
 c - a potion of might
 e - a potion of flight {unknown}
 m - a potion of curing {unknown}
 p - a potion of degeneration {unknown}
Comestibles
 b - 6 rations


   Skills:
 - Level 1.7 Dodging
 - Level 1.7 Stealth
 + Level 3.8 Spellcasting
 + Level 5.4 Conjurations


You had 2 spell levels left.
You knew the following spells:

 Your Spells              Type           Power        Failure   Level  Hunger
a - Magic Dart            Conj           ###.         1%          1    None
b - Iskenderun's Mystic   Conj           ###.....     17%         4    ####...
c - Fulminant Prism       Conj/Hex       ##........   45%         4    ####...

Your spell library contained the following spells:

 Spells                   Type           Power        Failure   Level  Hunger
 Searing Ray              Conj           ###...       2%          2    ##.....
 Dazzling Spray           Conj/Hex       ##....       16%         3    ###....
 Force Lance              Conj/Tloc      ##......     45%         4    ####...


Dungeon Overview and Level Annotations

Branches:
Dungeon (3/15)

Altars:
Makhleb
Zin


Innate Abilities, Weirdness & Mutations

Your plain brown scales are hard. (AC +5)
You cannot fit into any form of body armour.
You are cold-blooded and may be slowed by cold attacks.


Message History

The orc wizard barely misses you. The orc wizard casts a spell at you.
You resist with some effort. The orc wizard casts a spell at you.
The magic dart hits you.
* * * LOW HITPOINT WARNING * * *
The angel recites the sacred Law of Zin.
It was a potion of might.
You feel very mighty all of a sudden.
The orc wizard hits you but does no damage.
The angel recites loudly on the sacred Law of Zin.
The orc wizard hits you with a +0 dagger.
* * * LOW HITPOINT WARNING * * *
The orc wizard hits you with a +0 dagger.
* * * LOW HITPOINT WARNING * * *
It was a potion of haste.
You feel yourself speed up. The orc wizard barely misses you.
The angel recites the books of the Law.
The orc wizard hits you with a +0 dagger.
You die...

## .. ### .# #A# ###
.# ##### ##.##.##
####._.####.#....#
##..#...#...###.##.#
#...)@o.'...# ##.##
# #..).#......##
##.#.#
#..)###._..###
##.##.# ##.#
####.##. ##.##.# ...
#2#####.#...<## ...
####..........+ #.#
#####...#### #.
#..†.....#
#.#.####.#


You could see an angel, a balrug and an orc wizard.

Vanquished Creatures
  Jessica (D:2)
  4 gnolls (D:2)
  An adder (D:2)
  A dart slug (D:3)
  4 leopard geckos
  5 orcs (D:3)
  10 bats
  3 giant cockroaches
  6 goblins
  13 hobgoblins
  8 jackals (D:1)
  A quokka (D:2)
  2 ball pythons (D:1)
  2 frilled lizards
  9 kobolds
  8 rats
78 creatures vanquished.

Notes
Turn   | Place    | Note
-------+----------+-------------------------------------------
     0 | D:1      | Norian the Draconian Conjurer began the quest for the Orb.
     0 | D:1      | Reached XP level 1. HP: 14/14 MP: 3/3
   159 | D:1      | Reached XP level 2. HP: 17/20 MP: 1/5
   456 | D:1      | Reached XP level 3. HP: 11/26 MP: 1/7
  1467 | D:2      | Noticed Jessica
  1475 | D:2      | Killed Jessica
  1475 | D:2      | Reached skill level 5 in Conjurations
  1475 | D:2      | Reached XP level 4. HP: 25/33 MP: 2/9
  1484 | D:2      | Learned a level 4 spell: Iskenderun's Mystic Blast
  1507 | D:2      | Learned a level 4 spell: Fulminant Prism
  1898 | D:2      | Reached XP level 5. HP: 25/38 MP: 4/10
  2198 | D:3      | Found a burning altar of Makhleb.
  2204 | D:3      | Found a glowing silver altar of Zin.
  2204 | D:3      | Noticed an angel
  2204 | D:3      | Noticed a balrug
  2236 | D:3      | HP: 1/38 [orc wizard/+0 dagger (1)]
  2237 | D:3      | Slain by an orc wizard

Levels and vault maps discovered:
D:1:      dpeg_arrival_refuge, layout_loops_ring, minmay_misc_feat_enclosed
D:2:      minmay_skewed_foursquare, layout_basic, uniq_jessica
D:3:      minmay_recursive_quarters, layout_loops_corners,
          grunt_temple_overflow_order_and_chaos_2,
          lemuel_coloured_pillars_altar, ebering_ghost_reflecting_pool

Skill      XL: |  1  2  3 |
---------------+----------+-----
Spellcasting   | 3 |  3.8
Conjurations   | 5 |  5.4
Dodging        | |  1.7
Stealth        | |  1.7

Action                   |  1- 3 |  4- 6 || total
-------------------------+-------+-------++-------
Melee: Unarmed           |    31 |       ||    31
       Tailslap          |     9 |     3 ||    12
       Club              |    58 |     9 ||    67
       Halberd           |       |     7 ||     7
 Cast: Magic Dart        |    86 |    63 ||   149
  Use: Potion            |       |     2 ||     2
 Stab: Sleeping          |     1 |       ||     1
  Eat: Chunk             |     2 |     3 ||     5
Armor: Skin              |    33 |    18 ||    51
Dodge: Dodged            |    88 |    35 ||   123
